Map: Ancient Cistern LE

Players

Wyred

  • Race: Zerg Zerg
  • League: Gold
  • Spawn Location: 7:00

MattBarry - Winner!

  • Race: Zerg Zerg
  • League: Gold
  • Spawn Location: 1:00

VOD

Have the link to the VOD?

Description

Time

  • Played on: Jan. 30, 2023, 5:11 a.m.
  • Length: 22:22
Show
View Real Time Build Order
Export as new Build Order

Wyred Zerg 

Build Orders: Hatch First 

Get SALT Encoding   

  12  0:00  Drone  
  13  0:08  Drone  
  14  0:19  Overlord  
  14  0:25  Drone, Extractor  
  14  0:28  Extractor  
  15  0:37  Drone x2  
  17  0:58  Hatchery  
  17  1:01  Drone  
  17  1:02  Drone  
  18  1:16  Spawning Pool  
  17  1:18  Extractor  
  17  1:22  Drone  
  17  1:23  Drone  
  18  1:38  Drone  
  19  1:49  Overlord  
  19  2:03  Queen  
  19  2:05  Zergling x2  
  19  2:06  Overlord  
  22  2:12  Queen  
  24  2:35  Zergling x12  
  30  2:39  Queen  
  31  3:40  Roach Warren  
  30  3:44  Baneling Nest  
  29  4:01  Queen  
  29  4:02  Queen  
  31  4:11  Drone x2  
  31  4:12  Drone  
  34  4:37  Queen  
  36  4:43  Baneling x3, Spine Crawler x2  
  36  4:44  Baneling  
  31  5:02  Roach x3  
  31  5:03  Roach x3  
  31  5:04  Overlord  
  43  5:42  Drone x8  
  51  5:45  Overlord x2  
  49  6:39  Baneling x3  
  48  6:41  Lair  
  48  6:44  Drone x2  
  50  6:47  Extractor  
  50  6:48  Overlord  
  50  6:49  Overlord  
  50  6:50  Drone x2  
  50  6:51  Drone x7  
  50  6:52  Extractor, Drone  
  58  6:58  Extractor  
  57  7:16  Hatchery  
  57  7:18  Drone x4  
  57  7:19  Drone x4  
  64  7:34  Drone x3  
  67  7:46  Zergling x8  
  67  7:51  Overseer  
  71  7:53  Overseer  
  71  7:54  Hatchery  
  70  8:03  Ravager x5  
  75  8:08  Overlord  
  75  8:09  Overlord  
  75  8:20  Baneling x2  
  75  8:28  Queen x2  
  75  8:29  Queen  
  79  9:04  Queen x2  
  72  9:14  Roach x3  
  72  9:15  Roach x8  
  72  9:16  Roach x5, Zergling x2  
  92  9:48  Queen x2  
  96  9:58  Ravager x2  
  96  9:59  Ravager x3  
  101  10:02  Drone x3  
  101  10:03  Overlord x2  
  101  10:04  Overlord x3  
  104  10:32  Infestation Pit  
  103  10:37  Hydralisk Den  
  103  10:39  Nydus Network  
  103  10:42  Ravager x5  
  104  10:43  Ravager x4  
  106  11:02  Extractor  
  105  11:06  Overseer  
  105  11:07  Overseer  
  105  11:38  Nydus Canal  
  105  11:42  Zergling x10  
  105  11:44  Zergling x2  
  105  11:45  Zergling x4  
  113  12:00  Nydus Canal  
  113  12:05  Nydus Network  
  113  12:06  Drone  
  113  12:07  Drone x7  
  113  12:08  Drone x7  
  125  12:09  Drone x5  
  125  12:10  Drone x2  
  125  12:14  Metabolic Boost  
  128  12:33  Nydus Canal  
  126  12:44  Nydus Canal  
  126  12:54  Hydralisk x2  
  126  12:55  Hydralisk x7  
  120  13:48  Lurker Den  
  102  13:49  Hive  
  102  13:51  Muscular Augments  
  102  13:52  Hydralisk x6  
  102  13:53  Hydralisk x5  
  102  13:54  Zergling x12  
  102  13:55  Roach  
  132  14:07  Nydus Canal  
  132  14:10  Nydus Canal  
  132  14:26  Zergling x4  
  132  14:27  Zergling x2  
  135  14:37  Queen  
  135  14:38  Queen x2  
  141  15:02  Grooved Spines  
  141  15:03  Lurker x6  
  139  15:10  Baneling  
  139  15:11  Baneling x6  
  139  15:13  Extractor  
  108  15:52  Lurker x4  
  108  15:53  Lurker  
  108  15:56  Zergling x4  
  108  15:57  Zergling x14  
  117  15:58  Zergling x12  
  117  15:59  Zergling x4  
  117  16:01  Overlord x3  
  117  16:02  Overlord  
  116  16:33  Nydus Canal  
  102  17:20  Nydus Canal  
  99  17:43  Zergling x4  
  99  17:44  Zergling x2  
  102  17:46  Drone x3  
  102  17:47  Drone x5  
  110  18:05  Hatchery  
  109  18:16  Overseer x3  
  109  18:17  Hatchery  
  109  18:19  Viper x7  
  120  18:20  Viper, Hatchery  
  120  18:25  Hatchery  
  127  18:51  Extractor  
  127  18:53  Extractor  
  124  18:56  Lurker  
  124  18:57  Lurker  
  126  19:09  Extractor  
  125  19:11  Extractor  
  77  19:42  Overseer x4  
  55  19:53  Hydralisk x2  
  55  19:54  Hydralisk x7  
  55  19:55  Hydralisk, Zergling x6  
  55  19:56  Zergling x2  
  55  20:56  Lurker x3  
  53  21:19  Drone x6  
  59  21:36  Spawning Pool  
  57  22:01  Hatchery  
  57  22:06  Hatchery  
Show
View Real Time Build Order
Export as new Build Order

MattBarry Zerg - Winner!

Build Orders: Pool First 

Get SALT Encoding   

  12  0:01  Drone  
  13  0:12  Drone  
  14  0:14  Extractor  
  13  0:28  Spawning Pool  
  12  1:00  Hatchery  
  12  1:03  Drone  
  12  1:10  Drone  
  13  1:25  Metabolic Boost  
  13  1:47  Overlord  
  13  1:55  Zergling x2  
  14  2:05  Queen  
  14  2:08  Zergling x4  
  18  2:13  Zergling x2  
  18  2:15  Zergling x2  
  20  2:23  Zergling x4  
  22  2:30  Queen  
  22  2:35  Drone  
  25  2:45  Overlord  
  24  2:55  Zergling x4  
  24  2:56  Zergling x2  
  23  3:17  Zergling x4  
  23  3:18  Zergling x6  
  26  3:21  Drone  
  27  3:29  Drone x2  
  29  3:40  Zergling x6  
  32  4:02  Zergling x2  
  26  4:03  Zergling x12  
  31  4:13  Zergling x6  
  34  4:23  Drone x2  
  36  4:28  Overlord  
  36  4:37  Roach Warren  
  35  4:40  Drone  
  33  5:02  Drone x2  
  33  5:03  Drone x5  
  40  5:09  Overlord  
  40  5:19  Spine Crawler  
  39  5:24  Evolution Chamber  
  38  5:28  Drone  
  38  5:33  Roach x2  
  38  5:35  Roach  
  45  5:52  Spore Crawler  
  44  5:57  Drone x5  
  44  5:58  Drone  
  50  6:06  Overlord x2  
  42  6:26  Roach  
  42  6:27  Roach x5  
  52  6:33  Overlord  
  52  6:38  Extractor  
  51  6:56  Roach x3  
  51  6:57  Roach  
  51  6:58  Overlord  
  59  7:14  Drone  
  59  7:15  Overlord  
  60  7:16  Overlord  
  60  7:24  Roach x4  
  68  7:35  Drone x6  
  74  7:41  Lair  
  74  7:55  Zergling x10  
  74  7:58  Drone  
  80  8:08  Ravager x2  
  82  8:14  Hatchery  
  81  8:41  Overlord x4  
  76  8:51  Glial Reconstitution  
  76  8:54  Overlord  
  64  9:22  Roach x6  
  64  9:23  Roach x3  
  71  9:49  Zerg Ground Armor Level 1  
  71  9:54  Queen  
  73  10:02  Queen  
  75  10:08  Drone x6  
  75  10:09  Drone x6  
  75  10:10  Drone x3  
  90  10:19  Overlord  
  90  10:25  Extractor  
  90  10:26  Extractor  
  88  10:29  Zergling x6  
  88  10:30  Zergling x2  
  92  10:36  Evolution Chamber  
  92  10:38  Pneumatized Carapace  
  91  10:46  Hydralisk Den  
  90  11:06  Drone x2  
  90  11:07  Drone x3  
  90  11:08  Drone x4  
  99  11:21  Grooved Spines  
  99  11:23  Zerg Missile Weapons Level 1  
  99  11:51  Hydralisk  
  99  11:52  Hydralisk x5  
  99  11:53  Hydralisk x2  
  115  12:23  Extractor  
  115  12:24  Queen x3, Extractor  
  115  12:25  Overlord x2  
  119  12:36  Hatchery  
  118  12:41  Evolution Chamber  
  117  13:11  Hydralisk x6  
  117  13:12  Hydralisk x8  
  103  13:54  Overlord x4  
  103  14:12  Zerg Ground Armor Level 2  
  103  14:13  Hatchery, Hydralisk Den  
  103  14:15  Queen x2  
  103  14:16  Queen  
  107  14:23  Hatchery x2  
  105  14:41  Zergling x18  
  105  14:42  Zergling x6  
  108  15:26  Roach x7  
  108  15:27  Roach x5  
  122  15:30  Overseer  
  122  15:33  Queen x4  
  122  15:43  Roach  
  115  16:06  Hydralisk  
  115  16:07  Hydralisk x8  
  115  16:08  Hydralisk x4  
  125  16:46  Lurker Den  
  124  17:04  Overseer x2  
  123  17:20  Zerg Missile Weapons Level 2  
  123  17:40  Zergling x10  
  123  17:41  Zergling x18  
  137  17:51  Lurker x8  
  140  17:52  Lurker x3  
  148  18:11  Queen x4  
  156  18:16  Hatchery  
  155  18:36  Overlord  
  155  18:37  Overlord x3  
  154  18:59  Hydralisk x3  
  154  19:00  Hydralisk x4  
  152  19:31  Hydralisk x5  
  149  19:42  Hydralisk  
  149  19:43  Hydralisk  
  149  19:44  Roach  
  151  20:00  Drone x5  
  151  20:01  Drone x3  
  159  20:56  Overseer  
  159  21:05  Zergling x2  
  159  21:06  Zergling x30  
  175  21:18  Infestation Pit  
  174  21:35  Overlord x3  
  174  21:37  Roach x4, Zergling x2, Drone  
  174  21:38  Zergling x8  
  170  22:06  Extractor  
  170  22:08  Extractor  
Tags
 
Add a new tag
Caveats
  • Supply blocks, unpowered buildings, or Contaminate may cause inaccurate times.
  • Supply counts are checked every 10 seconds.